 Dungeon Crawl Stone Soup version 0.26-a0-540-g8a0c9464d7 (webtiles) character file.

Game seed: 7224252771323827278

5 Gargoyl the Skirmisher (level 1, -8/23 HPs)
             Began as a Gnoll Abyssal Knight on Aug 15, 2020.
             Was a Follower of Lugonu.
             Mangled by a flying skull (10 damage)
             ... on level 2 of the Abyss.
             The game lasted 00:00:12 (66 turns).

Gargoyl the Skirmisher (Gnoll Abyssal Knight)         Turns: 66, Time: 00:00:12

Health: -8/23      AC:  4    Str: 14    XL:     1   Next: 80%
Magic:  3/3        EV: 12    Int: 14    God:    Lugonu [*.....]
Gold:   17         SH:  0    Dex: 14    Spells: 0/0 levels left

rFire    . . .     SeeInvis .   a - +1 hand axe
rCold    . . .     Faith    .   (no shield)
rNeg     . . .     Spirit   .   b - +0 leather armour
rPois    .         Reflect  .   c - +0 helmet
rElec    .         Harm     .   (no cloak)
rCorr    .                      (no gloves)
MR       .....                  (no boots)
Stlth    +.........             (no amulet)
HPRegen  0.07/turn              (no ring)
MPRegen  0.08/turn              (no ring)

@: no status effects
A: distributed training, fangs 1, strong nose
a: Depart the Abyss, Renounce Religion


You were on level 2 of the Abyss.
You worshipped Lugonu.
Lugonu was aware of your devotion.
You visited 0 branches of the dungeon, and saw 0 of its levels.
You visited the Abyss 1 time.

You collected 17 gold pieces.

Inventory:

Hand Weapons
 a - a +1 hand axe (weapon)
Armour
 b - a +0 leather armour (worn)
 c - a +0 helmet (worn)


   Skills:
 + Level 6.4 Fighting
 + Level 0.1 Short Blades
 + Level 0.1 Long Blades
 + Level 4.4 Axes
 + Level 0.1 Maces & Flails
 + Level 0.1 Polearms
 + Level 0.1 Staves
 + Level 0.1 Slings
 + Level 0.1 Bows
 + Level 0.1 Crossbows
 + Level 0.1 Throwing
 + Level 4.4 Armour
 + Level 2.4 Dodging
 + Level 0.1 Stealth
 + Level 0.1 Shields
 + Level 0.1 Unarmed Combat
 + Level 0.1 Spellcasting
 + Level 0.1 Conjurations
 + Level 0.1 Hexes
 + Level 0.1 Summonings
 + Level 0.1 Necromancy
 + Level 0.1 Translocations
 + Level 0.1 Transmutations
 + Level 0.1 Fire Magic
 + Level 0.1 Ice Magic
 + Level 0.1 Air Magic
 + Level 0.1 Earth Magic
 + Level 0.1 Poison Magic
 + Level 4.4 Invocations
 + Level 0.1 Evocations


You couldn't memorise any spells.
You didn't know any spells.
Your spell library was empty.

Dungeon Overview and Level Annotations

Branches:
Dungeon (0/15)

Altars:


Innate Abilities, Weirdness & Mutations

Your experience applies equally to all skills.
You have very sharp teeth.
Your uncanny sense of smell can sniff out nearby items.


Message History

You hear a hideous shriek!
A flying skull comes into view.
The flying skull gives a hideous shriek!
There is an empty arch of ancient stone here.
You hit the flying skull.
The flying skull is lightly damaged.
The flying skull hits you!
A flying skull comes into view.
A tentacled starspawn comes into view.
The flying skull misses you.
Unknown command.
The flying skull barely misses you.
The flying skull hits you but does no damage.
The flying skull barely misses you. The flying skull hits you.
The flying skull hits you!
* * * LOW HITPOINT WARNING * * *
You hit the flying skull but do no damage.
Your punch misses the flying skull. You miss the flying skull.
The flying skull hits you!
You die...

.. ...##..#.#...#
#.. # .
........$.......#
#..#..#......#.#.#.#
.. .##.......#..## #
. .....X..∩.....#..
# . .
....#.....#.##. ##
#.. ##).#...#. # . .
..#..##zz..#§.## .
.#.....z@....# .#
.....#.#..##...#
#...# .###... ...##.
. #.# .# .. . .# ##∆
.. #


You could see a tentacled starspawn and 3 flying skulls.

Vanquished Creatures
  An ufetubus (Abyss:2)
1 creature vanquished.

Notes
Turn   | Place    | Note
-------+----------+-------------------------------------------
     0 | Abyss:1  | Gargoyl the Gnoll Abyssal Knight began the quest for the
                  | Orb.
     0 | Abyss:1  | Reached XP level 1. HP: 23/23 MP: 3/3
    19 | Abyss:2  | Found a corrupted altar of Lugonu.
    56 | Abyss:2  | Noticed a flying skull
    57 | Abyss:2  | Noticed a flying skull
    59 | Abyss:2  | Noticed a flying skull
    61 | Abyss:2  | Noticed a flying skull
    61 | Abyss:2  | Noticed a tentacled starspawn
    66 | Abyss:2  | Mangled by a flying skull

Illustrated notes

Levels and vault maps discovered:
Abyss:2

Action                   || total
-------------------------++-------
Melee: Hand axe          ||     6
       Bite              ||     2
Armor: Leather armour    ||     3
Dodge: Dodged            ||     8

Table legend: (Time is in decaauts)
 A = Elapsed time spent in this place.
 B = Non-inter-level travel time spent in this place.
 C = Inter-level travel time spent in this place.
 D = Time resting spent in this place.
 E = Time spent auto-exploring this place.
 F = Levels seen in this place.
 G = Mean time per level.
                   A        B        C        D        E       F      G
               +--------+--------+--------+--------+--------+-----+--------+
         Total |     66 |     66 |      0 |      0 |     28 |   2 |   33.0 |
         Abyss |     66 |     66 |      0 |      0 |     28 |   2 |   33.0 |
               +--------+--------+--------+--------+--------+-----+--------+

Top non-repeatable levels by time:
 Abyss:2: 60 daAuts
 Abyss:1: 6 daAuts
